 Dungeon Crawl Stone Soup version 0.31-a0-851-g7ff8af7976 (webtiles) character file.

Game seed: 13325671757992129050

3502 TheScarfBastard the Cleaver (level 9, -7/80 HPs)
             Began as a Minotaur Berserker on Oct 6, 2023.
             Was a Priest of Trog.
             Mangled by an unseen horror simulacrum (20 damage)
             ... on level 9 of the Dungeon.
             The game lasted 00:14:46 (6262 turns).

TheScarfBastard the Cleaver (Minotaur Berserker)    Turns: 6262, Time: 00:14:48

Health: -7/80      AC: 11    Str: 31    XL:     9   Next: 80%
Magic:  8/8        EV: 13    Int:  7    God:    Trog [***...]
Gold:   368        SH:  0    Dex: 10    Spells: 8/8 levels left

rFire   . . .        d - +1 battleaxe
rCold   . . .        (shield currently unavailable)
rNeg    . . .        v - +0 ring mail
rPois   +            (helmet restricted)
rElec   .            j - +2 cloak of the Shining Light {rPois Str+5 Int+3 Stlth-}
rCorr   .            z - +0 pair of gloves
SInv    .            (no boots)
Will    ++...        (no amulet) Stlth
                     (no ring)
HPRegen 1.33/turn    (no ring)
MPRegen 0.11/turn

%: no passive effects
@: strong-willed (expiring), on berserk cooldown, regenerating (expiring),
slowed, very slow
A: horns 2, retaliatory headbutt
a: Renounce Religion, Berserk, Trog's Hand


You were on level 9 of the Dungeon.
You worshipped Trog.
Trog was most pleased with you.
You visited 2 branches of the dungeon, and saw 10 of its levels.

You collected 368 gold pieces.

Inventory:

Hand Weapons
 a - a +0 hand axe
 d - a +1 battleaxe (weapon)
 p - a +2 morningstar of draining
 B - a +4 hand axe
Missiles
 D - a throwing net
Armour
 b - a +0 animal skin
 e - a +2 cloak
 j - the +2 cloak of the Shining Light (worn) {rPois Str+5 Int+3 Stlth-}
   (You acquired it on level 2 of the Dungeon)

   Str+5:     It affects your strength (+5).
   Int+3:     It affects your intelligence (+3).
   rPois:     It protects you from poison Stlth-: It makes you less stealthy.
 m - a +0 leather armour
 v - a +0 ring mail (worn)
 x - a scarf of shadows
 z - a +0 pair of gloves (worn)
Talismans
 h - a beast talisman
Wands
 g - a wand of charming (13)
 q - a wand of quicksilver (9)
Scrolls
 o - a scroll of fear
 r - a scroll of enchant armour {unknown}
 s - a scroll of blinking
 t - a scroll of silence
 w - a scroll of teleportation
 y - a scroll of torment {unknown}
 C - a scroll of immolation
 E - a scroll of vulnerability {unknown}
 F - a scroll of enchant weapon
Potions
 c - a potion of enlightenment
 f - 2 potions of might
 i - 5 potions of degeneration
 k - a potion of ambrosia
 l - a potion of lignification {unknown}
 n - 2 potions of heal wounds {unknown}
 u - a potion of curing {unknown}
 A - a potion of resistance


   Skills:
 + Level 7.7 Fighting
 + Level 12.4 Axes
 + Level 6.5 Armour
 + Level 6.8 Dodging
 + Level 1.3 Stealth


You had 8 spell levels left.
You didn't know any spells.
Your spell library was empty.

Dungeon Overview and Level Annotations

Branches:
Dungeon (9/15)             Temple (1/1) D:7
   Lair: D:8-11         Orc: D:9-12

Altars:
Ashenzari
Cheibriados
Dithmenos
Elyvilon
Fedhas
Gozag
Kikubaaqudgha
Makhleb
Nemelex Xobeh
Okawaru
Qazlal
Ru
Sif Muna
Trog
Uskayaw
Vehumet
Wu Jian
Xom
Yredelemnul
Zin
The Shining One

Annotations:
Temple 2 transporters


Innate Abilities, Weirdness & Mutations

You have a pair of horns on your head.
You reflexively headbutt those who attack you in melee.


Message History

You slice the centaur!!
The centaur is almost dead.
The centaur hits you.
* * * LOW HITPOINT WARNING * * *
The centaur kicks you but does no damage.
You slice the centaur!!
You kill the centaur!
Trog accepts your kill.
You feel a strong urge to attack something.
You are no longer berserk.
You are exhausted.
You feel yourself slow down.
A killer bee comes into view.
The ufetubus hits you but does no damage.
The ufetubus hits you.
* * * LOW HITPOINT WARNING * * *
A killer bee comes into view.
The unseen horror simulacrum closely misses you.
The killer bee barely misses you. The killer bee misses you.
You furiously retaliate!
You headbutt the killer bee.
The killer bee stings you but does no damage.
The unseen horror simulacrum misses you.
The killer bee closely misses you.
The killer bee stings you but does no damage.
The killer bee barely misses you. You furiously retaliate!
You headbutt the killer bee!
There is a stone staircase leading down here.
You feel the effects of Trog's Hand fading.
The killer bee barely misses you. The killer bee completely misses you.
You furiously retaliate!
You headbutt the killer bee.
You kill the killer bee!
Trog accepts your kill.
The ufetubus hits you but does no damage.
The ufetubus misses you. The killer bee stings you!
* * * LOW HITPOINT WARNING * * *
The ufetubus hits you but does no damage. x2
The unseen horror simulacrum hits you.
* * * LOW HITPOINT WARNING * * *
The unseen horror simulacrum freezes you!!
You die...

.# .## ....###.##.. ..
........... .#
##.......... ####.##
###........... #.....#
##............. ......##
#..............
#......##........y....#
##..#....##.....@Z....#.
##..##...#......5.......
#...##./........Y.#.....
##.....#.........###.#..
#..#...# .........#.)# .
.......# #.##.......##
..####.### ###)......#
........#..####......#
....Y.......##......##


You could see an ice beast, a killer bee, an unseen horror simulacrum and an
ufetubus.

Vanquished Creatures
  4 yaks (D:8)
  2 steam dragons
  A water moccasin (D:5)
  An orc warrior (D:7)
  2 black bears
  A sky beast (D:7)
  An ice beast (D:7)
  3 ogres
  A centaur (D:9)
  A phantom (D:7)
  A kobold brigand (D:9)
  A bullfrog (D:6)
  12 scorpions
  3 killer bees
  2 howler monkeys (D:8)
  2 electric eels (D:7)
  A jelly (D:7)
  2 hounds (D:5)
  5 orc priests
  3 sleepcaps
  2 iguanas
  6 orc wizards
  3 gnolls (D:6)
  2 adders
  A shadow imp (D:6)
  2 white imps
  2 ufetubi
  20 orcs
  3 ball pythons
  5 endoplasms
  5 giant cockroaches
  6 goblins
  5 hobgoblins
  3 jackals (D:5)
  10 kobolds
  5 quokkas
  10 bats
  3 frilled lizards
  5 rats
  3 butterflies (D:5)
150 creatures vanquished.

Vanquished Creatures (others)
  A kobold (D:9)
1 creature vanquished.

Grand Total: 151 creatures vanquished

Notes
Turn   | Place    | Note
-------+----------+-------------------------------------------
     0 | D:1      | TheScarfBastard the Minotaur Berserker began the quest for
                  | the Orb.
     0 | D:1      | Reached XP level 1. HP: 19/19 MP: 0/0
   155 | D:1      | Reached skill level 4 in Axes
   210 | D:1      | Reached XP level 2. HP: 19/27 MP: 1/1
   526 | D:2      | Reached ** piety under Trog
   663 | D:2      | Reached XP level 3. HP: 34/34 MP: 2/2
  1004 | D:2      | Identified a scroll of acquirement
  1004 | D:2      | Acquired the +2 cloak of the Shining Light {rPois Str+5
                  | Int+3 Stlth-}
  1618 | D:4      | Found a broken altar of Ashenzari.
  1719 | D:4      | Noticed a scorpion
  1722 | D:4      | Killed a scorpion
  1723 | D:4      | Reached skill level 5 in Axes
  1723 | D:4      | Reached XP level 4. HP: 41/41 MP: 3/3
  1843 | D:4      | Reached XP level 5. HP: 25/47 MP: 4/4
  2156 | D:4      | Noticed an ogre
  2162 | D:4      | Killed an ogre
  2163 | D:4      | Reached skill level 6 in Axes
  2459 | D:5      | Entered Level 5 of the Dungeon
  2497 | D:5      | Reached XP level 6. HP: 54/55 MP: 5/5
  2503 | D:5      | Reached skill level 5 in Fighting
  2527 | D:5      | Reached skill level 7 in Axes
  2703 | D:5      | Reached XP level 7. HP: 55/61 MP: 6/6
  2709 | D:5      | Found a runed translucent door.
  2715 | D:5      | Found a runed translucent door.
  2737 | D:5      | Reached skill level 8 in Axes
  2743 | D:5      | Reached skill level 1 in Stealth
  2745 | D:5      | Reached skill level 9 in Axes
  2748 | D:5      | Reached XP level 8. HP: 70/70 MP: 7/7
  2790 | D:5      | Reached skill level 5 in Dodging
  2824 | D:5      | Reached *** piety under Trog
  2862 | D:5      | Reached skill level 10 in Axes
  2863 | D:5      | Found a glowing golden altar of the Shining One.
  2871 | D:5      | Found a shadowy altar of Dithmenos.
  4017 | D:6      | Found a burning altar of Makhleb.
  4017 | D:6      | Noticed a balrug
  4145 | D:7      | Found a staircase to the Ecumenical Temple.
  4165 | Temple   | Found a transporter.
  4165 | Temple   | Found a transporter.
  4165 | Temple   | Found a transporter.
  4165 | Temple   | Found a transporter.
  4165 | Temple   | Entered the Ecumenical Temple
  4456 | D:7      | Reached skill level 11 in Axes
  4456 | D:7      | Reached XP level 9. HP: 45/78 MP: 8/8
  5183 | D:7      | Reached skill level 5 in Armour
  5753 | D:8      | Reached skill level 12 in Axes
  6262 | D:9      | Mangled by an unseen horror simulacrum

Illustrated notes

Levels and vault maps discovered:
D:1:      lemuel_arrival_cross, layout_basic
D:2:      minmay_door_path, layout_rooms
D:3:      layout_basic
D:4:      layout_basic, mainiacjoe_overflow_24_doors, corexii_hall_statues_t,
          minmay_statues_item, serial_bayou_crossing
D:5:      lemuel_insect_pit, layout_rooms, grunt_temple_overflow_open,
          sigmund_army
D:6:      layout_rooms, makhleb_altar_promises_db
D:7:      layout_basic, minmay_temple_entry_offerings, serial_bayou_lake_a
D:8:      layout_loops_ring, uniq_grum
D:9:      layout_cave_pools, serial_ice, serial_ice_j, serial_ice_f,
          serial_ice_c, serial_ice_a, hangedman_decor_peaks_small,
          chequers_serial_rivers_micro_b, hive_lemuel, uniq_erolcha,
          uniq_joseph, uniq_maurice
Temple:   hellmonk_temple_divided_pantheon

Skill      XL: |  1  2  3  4  5  6  7  8  9 |
---------------+----------------------------+-----
Axes           | 4 5 6 7 9 11 12 | 12.4
Fighting       | 4 5 6 7 |  7.7
Dodging        | 3 4 6 |  6.8
Stealth        | 1 |  1.3
Armour         | 4 6 |  6.5

Action                     |  1- 3 |  4- 6 |  7- 9 || total
---------------------------+-------+-------+-------++-------
  Melee: Hand axe          |    49 |       |       ||    49
         Headbutt          |    11 |     4 |    31 ||    46
         Battleaxe         |    23 |    33 |   151 ||   207
 Invoke: Berserk           |     1 |     2 |     7 ||    10
         Trog's Hand       |       |       |     5 ||     5
    Use: Scroll            |     6 |       |     8 ||    14
         Potion            |       |       |     1 ||     1
 Armour: Animal skin       |    42 |    30 |       ||    72
         Leather armour    |       |     7 |    54 ||    61
         Ring mail         |       |       |   113 ||   113
  Dodge: Dodged            |    77 |    32 |   138 ||   247

Table legend: (Time is in decaauts)
 A = Elapsed time spent in this place.
 B = Non-inter-level travel time spent in this place.
 C = Inter-level travel time spent in this place.
 D = Time resting spent in this place.
 E = Time spent auto-exploring this place.
 F = Levels seen in this place.
 G = Mean time per level.
                   A        B        C        D        E       F      G
               +--------+--------+--------+--------+--------+-----+--------+
         Total |   6439 |   6383 |     56 |      0 |   4822 |  10 |  643.9 |
       Dungeon |   6403 |   6347 |     56 |      0 |   4822 |   9 |  711.4 |
        Temple |     35 |     35 |      0 |      0 |      0 |   1 |   35.0 |
               +--------+--------+--------+--------+--------+-----+--------+

Top non-repeatable levels by time:
     D:7: 1594 daAuts
     D:5: 984 daAuts
     D:4: 939 daAuts
     D:6: 671 daAuts
     D:2: 576 daAuts
     D:8: 570 daAuts
     D:3: 540 daAuts
     D:1: 454 daAuts
     D:9: 71 daAuts
  Temple: 35 daAuts
